 Dungeon Crawl Stone Soup version 0.27-a0-1193-g8631133539 (webtiles) character file.

Game seed: 15867574906500395832

6481 siradein the Carver (level 10, -1/84 HPs)
             Began as a Minotaur Gladiator on May 25, 2021.
             Was a Follower of Wu Jian.
             Killed from afar by an orc wizard (4 damage)
             ... with a puff of flame
             ... on level 8 of the Dungeon on May 26, 2021.
             The game lasted 00:28:04 (12546 turns).

siradein the Carver (Minotaur Gladiator)           Turns: 12546, Time: 00:28:04

Health: -1/84      AC: 13    Str: 20      XL:     10   Next: 68%
Magic:  9/9        EV: 10    Int:  3 (5)  God:    Wu Jian [*.....]
Gold:   1264       SH: 10    Dex: 14      Spells: 9/9 levels left

rFire    + . .     SeeInvis .   v - +1 falchion (flame)
rCold    . . .     Faith    .   G - +0 buckler
rNeg     + . .     Spirit   .   k - +1 chain mail {rF+}
rPois    .         Reflect  +   (helmet restricted)
rElec    .         Harm     .   c - +0 cloak
rCorr    .         Rampage  .   (no gloves)
Will     .....                  h - +0 pair of boots
Stlth    ..........             L - amulet "Deilit" {Reflect rN+ SH+5}
HPRegen  0.24/turn              (no ring)
MPRegen  0.11/turn              (no ring)

@: no status effects
A: horns 2, retaliatory headbutt
a: Renounce Religion


You were on level 8 of the Dungeon.
You worshipped Wu Jian.
Wu Jian was aware of your devotion.
You visited 2 branches of the dungeon, and saw 10 of its levels.

You collected 1264 gold pieces.

Inventory:

Hand Weapons
 a - a +0 long sword
 b - a +1 short sword of venom
 v - a +1 falchion of flaming (weapon)
Missiles
 d - 4 throwing nets
 D - 23 poisoned darts (quivered)
 E - 4 silver javelins
 J - 2 curare-tipped darts
Armour
 c - a +0 cloak (worn)
 h - a +0 pair of boots (worn)
 k - a +1 chain mail of fire resistance (worn)
 G - a +0 buckler (worn)
Jewellery
 y - a ring of magical power
 L - the amulet "Deilit" (around neck) {Reflect rN+ SH+5}
   (You took it off an orc warrior on level 8 of the Dungeon)

   [amulet of reflection]

   It reflects blocked missile attacks.
   It protects you from negative energy.
   It affects your SH (+5).
Wands
 r - a wand of digging (1)
 z - a wand of iceblast (16)
 A - a wand of paralysis (11)
 H - a wand of polymorph (8)
 K - a wand of flame (16)
Scrolls
 f - a scroll of amnesia
 n - 2 scrolls of noise {unknown}
 q - 6 scrolls of teleportation
 w - a scroll of immolation {unknown}
 B - a scroll of brand weapon {unknown}
 C - 2 scrolls of enchant weapon {unknown}
 I - a scroll of magic mapping {unknown}
Potions
 e - a potion of lignification
 g - a potion of heal wounds
 i - a potion of ambrosia {unknown}
 j - a potion of haste {unknown}
 l - a potion of mutation {unknown}
 o - a potion of invisibility {unknown}
 s - a potion of resistance {unknown}
 t - a potion of attraction {unknown}
 u - a potion of curing {unknown}
 x - a potion of flight {unknown}
 F - 2 potions of might {unknown}


   Skills:
 + Level 6.5 Fighting
 - Level 14.0 Long Blades
 + Level 5.3 Throwing
 + Level 5.8 Armour
 + Level 6.4 Dodging
 + Level 5.8 Shields


You had 9 spell levels left.
You didn't know any spells.
Your spell library contained the following spells:

 Spells                   Type           Power      Damage    Failure   Level
 Passwall                 Tmut/Erth      0%         N/A       100%        2
 Poisonous Vapours        Pois/Air       0%         N/A       100%        2
 Conjure Flame            Conj/Fire      0%         6-21      100%        3
 Mephitic Cloud           Conj/Pois/Air  0%         N/A       100%        3
 Spider Form              Tmut/Pois      0%         N/A       100%        3
 Petrify                  Tmut/Erth      0%         N/A       100%        4
 Irradiate                Conj/Tmut      0%         3d13      100%        5
 Yara's Violent Unravell  Hex/Tmut       0%         3d3       100%        5
 Freezing Cloud           Conj/Ice/Air   0%         6-21      100%        6


Dungeon Overview and Level Annotations

Branches:
Dungeon (9/15)             Temple (1/1) D:7            Lair (0/6) D:8
    Orc: D:9-12

Altars:
Ashenzari
Cheibriados
Dithmenos
Elyvilon
Gozag
Hepliaklqana
Kikubaaqudgha
Makhleb
Nemelex Xobeh
Okawaru
Qazlal
Sif Muna
Trog
Uskayaw
Vehumet
Wu Jian
Yredelemnul
Zin
The Shining One


Innate Abilities, Weirdness & Mutations

You have a pair of horns on your head.
You reflexively headbutt those who attack you in melee.


Message History

You hear a splash.
The orc wizard closely misses you.
You riposte.
Your unstable footing causes you to fumble your attack.
You block the orc's attack.
You miss the electric eel.
The electric eel shoots out a bolt of lightning at you!
The bolt of electricity hits you!
* * * LOW HITPOINT WARNING * * *
Your unstable footing causes you to fumble your attack.
You block the orc wizard's attack. You block the orc's attack.
Your unstable footing causes you to fumble your attack.
The orc wizard misses you. You furiously retaliate!
You headbutt the orc wizard.
You riposte.
You closely miss the orc wizard. Your headbutt misses the orc wizard.
The orc wizard is moderately wounded.
You miss the electric eel. You headbutt the electric eel.
The electric eel is lightly wounded.
The orc splashes around in the water.
Your unstable footing causes you to fumble your attack.
The electric eel shoots out a bolt of lightning at you!
The bolt of electricity hits you!
* * * LOW HITPOINT WARNING * * *
The orc wizard points at you and mumbles some strange words.
You easily resist.
The orc splashes around in the water.
You hit the electric eel. You burn the electric eel.
The electric eel is severely wounded.
The electric eel shoots out a bolt of lightning at you!
The bolt of electricity hits you!
* * * LOW HITPOINT WARNING * * *
You slash the electric eel! You burn the electric eel.
You kill the electric eel!
The Council accepts your kill. You block the orc wizard's attack.
The orc hits you but does no damage.
You spin and attack the orc wizard.
You barely miss the orc wizard.
The orc wizard is moderately wounded.
The orc wizard hits you with a +0 dagger.
* * * LOW HITPOINT WARNING * * *
The orc wizard points at you and mumbles some strange words.
The puff of flame hits you. You resist.
You die...

....... ####..# #.
...≈..≈....# #....## #.
.≈≈≈..≈....# #.#### #.
≈≈≈≈≈≈≈....###.# #.
..≈≈≈≈.≈≈..##..# #.
.≈..≈≈≈....#..## #.
...≈≈≈T≈≈≈.#.## #.
.>..≈≈≈≈.....######## #.
...≈o≈o≈.@..........#####.
..≈.≈h≈o.....<.####.....#.
≈≈≈≈≈≈≈.....##.# #####...
≈≈≈≈≈≈≈≈...###.##########.
≈≈≈≈≈≈.≈≈..# #..#......##.
≈≈≈≈≈.≈..≈.# ##...........
≈≈≈≈≈≈.....# #....>.....#
#..#.......####.)....)...#
#.#[###......#..........#


You could see a troll, a hound, an orc wizard and 2 orcs.

Vanquished Creatures
  Harold (D:7)
  Pikel (D:5)
  A deep elf pyromancer (D:8)
  A troll (D:7)
  5 slime creatures (D:8)
  A vampire (D:8)
  A wraith (D:6)
  A wyvern (D:7)
  A steam dragon (D:7)
  An acid dragon (D:8)
  A sky beast (D:5)
  2 orc warriors
  An ice beast (D:7)
  An ogre (D:4)
  A black bear (D:4)
  4 wolves (D:8)
  3 centaurs
  A lemure (D:5)
  3 kobold brigands
  A bullfrog (D:7)
  2 scorpions
  A wyvern skeleton (D:6)
  A water moccasin skeleton (D:6)
  4 wights
  A howler monkey (D:7)
  2 electric eels (D:8)
  4 hounds
  2 centaur zombies (D:6)
  A bullfrog skeleton (D:7)
  4 jellies
  2 orc priests (D:5)
  4 gnoll shamans
  3 iguanas
  2 centaur skeletons
  6 orc wizards
  Robin (D:3)
  17 gnolls
  8 adders
  2 shadow imps (D:7)
  An ufetubus (D:5)
  An adder skeleton (D:4)
  2 worms
  A dart slug (D:4)
  16 orcs
  4 bats
  2 endoplasms
  3 giant cockroaches
  24 goblins
  8 hobgoblins
  8 jackals
  20 kobolds
  3 quokkas
  9 ball pythons
  3 frilled lizards (D:1)
  A quokka skeleton (D:4)
  4 rats
209 creatures vanquished.

Notes
Turn   | Place    | Note
-------+----------+-------------------------------------------
     0 | D:1      | siradein the Minotaur Gladiator began the quest for the
                  | Orb.
     0 | D:1      | Reached XP level 1. HP: 18/18 MP: 0/0
    31 | D:1      | Reached skill level 4 in Long Blades
    98 | D:1      | Reached XP level 2. HP: 25/25 MP: 1/1
   590 | D:1      | Reached skill level 5 in Long Blades
  1067 | D:1      | Reached XP level 3. HP: 28/30 MP: 2/2
  1865 | D:2      | Reached XP level 4. HP: 10/37 MP: 3/3
  2088 | D:2      | Reached skill level 6 in Long Blades
  2445 | D:3      | Found a glowing silver altar of Zin.
  2633 | D:3      | Found an opulent altar of Gozag.
  2987 | D:4      | Noticed a scorpion
  3091 | D:4      | Noticed Robin
  3109 | D:3      | Reached skill level 7 in Long Blades
  3109 | D:3      | Reached XP level 5. HP: 33/42 MP: 4/4
  3466 | D:3      | Killed Robin
  3862 | D:4      | Noticed an ogre
  3954 | D:4      | Killed an ogre
  3955 | D:4      | Reached skill level 8 in Long Blades
  3955 | D:4      | Reached XP level 6. HP: 10/50 MP: 5/5
  4343 | D:4      | You fall into a shaft and drop 1 floor!
  4343 | D:5      | Entered Level 5 of the Dungeon
  4548 | D:4      | Reached skill level 9 in Long Blades
  4907 | D:4      | Found a shadowy altar of Dithmenos.
  5526 | D:5      | Reached XP level 7. HP: 56/56 MP: 6/6
  5628 | D:5      | Reached skill level 10 in Long Blades
  6109 | D:5      | Noticed Pikel
  6121 | D:5      | Killed Pikel
  6122 | D:5      | Reached skill level 12 in Long Blades
  6122 | D:5      | Reached XP level 8. HP: 24/62 MP: 7/7
  6846 | D:5      | Found a burning altar of Makhleb.
  7008 | D:6      | Reached skill level 13 in Long Blades
  8117 | D:6      | Reached XP level 9. HP: 60/68 MP: 8/8
  8349 | D:7      | Reached skill level 14 in Long Blades
  8399 | D:7      | Reached skill level 1 in Armour
  8399 | D:7      | Reached skill level 1 in Shields
  8567 | D:7      | Identified the Handbook of Poisonous Changing
  8640 | D:7      | Noticed Harold
  8969 | D:6      | Identified a scroll of acquirement
  8969 | D:6      | Acquired 910 gold pieces
  9053 | D:7      | Killed Harold
  9778 | D:7      | Found a staircase to the Ecumenical Temple.
  9784 | Temple   | Entered the Ecumenical Temple
  9996 | Temple   | Became a worshipper of the Wu Jian Council
 10355 | D:7      | Reached skill level 5 in Dodging
 10580 | D:7      | Identified the amulet "Deilit" {Reflect rN+ SH+5}
 10607 | D:8      | Reached skill level 5 in Fighting
 10607 | D:8      | Reached XP level 10. HP: 72/81 MP: 9/9
 11297 | D:7      | Noticed a boulder beetle
 11452 | D:8      | Noticed a deep elf pyromancer
 11466 | D:8      | Killed a deep elf pyromancer
 11556 | D:8      | You fall into a shaft and drop 1 floor!
 11608 | D:8      | Reached skill level 5 in Armour
 11608 | D:8      | Reached skill level 5 in Shields
 11667 | D:8      | Reached skill level 5 in Throwing
 12219 | D:8      | Reached * piety under Wu Jian
 12530 | D:8      | Found a staircase to the Lair.
 12545 | D:8      | HP: 3/84 [orc wizard/+0 dagger (4)]
 12546 | D:8      | Killed from afar by an orc wizard

Illustrated notes

Levels and vault maps discovered:
D:1:      heliophobic_arrival_henge, layout_basic
D:2:      layout_loops_cross, serial_bayou_pond_a, minmay_misc_feat_pillars,
          kennysheep_generic_room_7
D:3:      layout_loops_corners, pdpol_temple_overflow_zin_treasury_gozag_greed
D:4:      layout_gridville, lemuel_tele_altar, minmay_ogre_servants, uniq_robin
D:5:      layout_cave_pods, kennysheep_mini, saegor_snake_ambush, uniq_pikel
D:6:      layout_basic, corexii_checkpoint_a, fountainhead, due_unseen_surprise
D:7:      minmay_the_grid_triangle_9x9_rhombus_thin
          [minmay_the_grid_triangle_9x9_minimal,
          minmay_the_grid_triangle_9x9_prize_special,
          minmay_the_grid_triangle_9x9_windchime,
          minmay_the_grid_triangle_9x9_flanged_cone], layout_cave_pools,
          minmay_temple_entry_fiery, serial_column_ruins,
          column_ruins_circle_small, column_ruins_grid_3,
          column_ruins_open_large, column_ruins_open_medium, uniq_harold
D:8:      layout_rooms, erik_lair_island, kennysheep_generic_room_2
D:9:      layout_basic, erik_orc_4, hangedman_decor_riveting,
          minmay_misc_feat_square, uniq_erica
Temple:   regret_index_temple_generic_petals

Skill      XL: |  1  2  3  4  5  6  7  8  9 10 |
---------------+-------------------------------+-----
Long Blades    | 4 5 7 8 9 12 13 14 | 14.0
Armour         | 4 5 |  5.8
Shields        | 4 5 |  5.8
Fighting       | 5 6 |  6.5
Throwing       | 4 5 |  5.3
Dodging        | 5 6 |  6.4

Action                   |  1- 3 |  4- 6 |  7- 9 | 10-12 || total
-------------------------+-------+-------+-------+-------++-------
Melee: Long sword        |    68 |    84 |       |       ||   152
       Headbutt          |     8 |    30 |    71 |    49 ||   158
       Short sword       |       |    24 |       |       ||    24
       Falchion          |       |    20 |   309 |   203 ||   532
Invok: Lunge             |       |       |     3 |     5 ||     8
       Whirlwind         |       |       |       |     2 ||     2
  Use: Potion            |       |     1 |     1 |     4 ||     6
       Scroll            |       |       |     6 |       ||     6
Armor: Leather armour    |    38 |     6 |       |       ||    44
       Scale mail        |       |    49 |    98 |       ||   147
       Chain mail        |       |       |    22 |    38 ||    60
Dodge: Dodged            |    40 |    75 |   115 |    43 ||   273
Block: Buckler           |       |       |    29 |    44 ||    73
       Rpst.: Long sword |     9 |    16 |       |       ||    25
       Falchion          |       |     2 |    35 |     8 ||    45

Table legend: (Time is in decaauts)
 A = Elapsed time spent in this place.
 B = Non-inter-level travel time spent in this place.
 C = Inter-level travel time spent in this place.
 D = Time resting spent in this place.
 E = Time spent auto-exploring this place.
 F = Levels seen in this place.
 G = Mean time per level.
                   A        B        C        D        E       F      G
               +--------+--------+--------+--------+--------+-----+--------+
         Total |  12463 |  12245 |    218 |   3454 |   6694 |  10 | 1246.3 |
       Dungeon |  12232 |  12032 |    200 |   3454 |   6486 |   9 | 1359.1 |
        Temple |    230 |    212 |     18 |      0 |    208 |   1 |  230.0 |
               +--------+--------+--------+--------+--------+-----+--------+

Top non-repeatable levels by time:
     D:6: 2665 daAuts
     D:4: 1924 daAuts
     D:5: 1671 daAuts
     D:7: 1608 daAuts
     D:1: 1343 daAuts
     D:3: 1213 daAuts
     D:8: 968 daAuts
     D:2: 831 daAuts
  Temple: 230 daAuts
     D:9: 7 daAuts
